EVO
UNIVERSITY OF CALIFORNIA GOLDEN BEARS @ PENNSYLVANIA STATE UNIVERSITY NITTANY LIONS
12/13/2046
 
TOP OF THE 1ST
University of California Golden Bears batting - Pitching for Pennsylvania State University Nittany Lions : RHP Quincy Potvin
Pitching: RHP Quincy Potvin
Batting: LHB Eric Gaugler 0-0: Called Strike
0-1: Foul Ball, location: 2F
0-2: SINGLE (Line Drive, 5D, EV 99.4 MPH)
Batting: LHB Luis Orellana 0-0: Called Strike
0-1: Foul Ball, location: 2F
0-2: Ball
1-2: Ball
2-2: Strikes out swinging
Batting: LHB Carlos Gaona 0-0: Ball
1-0: Ball
2-0: Foul Ball, location: 2F
2-1: Grounds into double play, 4-6-3 (Groundball, 4, EV 100.6 MPH)
Top of the 1st over - 0 runs, 1 hit, 0 errors, 0 left on base; University of California 0 - Pennsylvania State University 0
BOTTOM OF THE 1ST
Pennsylvania State University Nittany Lions batting - Pitching for University of California Golden Bears : RHP Robert Chauvel
Pitching: RHP Robert Chauvel
Batting: RHB John Hopkins 0-0: Called Strike
0-1: Called Strike
0-2: SINGLE (Groundball, 4M, EV 97.5 MPH) (infield hit)
Batting: RHB Craig Alvarado 0-0: Grounds into double play, 4-6-3 (Groundball, 4, EV 92.5 MPH)
Batting: SHB Oscar Barahona 0-0: Ball
1-0: Ball
2-0: Called Strike
2-1: Ball
3-1: Base on Balls
Batting: SHB Glenn Harrison 0-0: Called Strike
0-1: Ball
1-1: Ball
2-1: Swinging Strike
2-2: SINGLE (Groundball, 34D, EV 105.6 MPH)
Oscar Barahona to second
Runner from 2nd tries for 3rd, SAFE, throw by RF made to third
Batting: RHB Fernando Membreno 0-0: Ball
1-0: Ball
2-0: Fielders Choice at 2nd, 5-4 (Groundball, 56, EV 84.4 MPH)
Bottom of the 1st over - 0 runs, 2 hits, 0 errors, 2 left on base; University of California 0 - Pennsylvania State University 0
TOP OF THE 2ND
University of California Golden Bears batting - Pitching for Pennsylvania State University Nittany Lions : RHP Quincy Potvin
Batting: RHB Nate Mahon 0-0: Ground out 5-3 (Groundball, 5S, EV 91.2 MPH)
Batting: RHB Juan Debayle 0-0: Swinging Strike
0-1: Foul Ball, location: 2F
0-2: SINGLE (Flyball, 89M, EV 81.9 MPH)
Batting: RHB Mario Diaz 0-0: Ball
1-0: Called Strike
1-1: Ball
2-1: Swinging Strike
2-2: Strikes out swinging
Batting: SHB Matsudaira Ikeda 0-0: Ball
1-0: Ball
2-0: Foul Ball, location: 2F
2-1: Ball
3-1: Ground out U3 (Groundball, 3, EV 90.6 MPH)
Top of the 2nd over - 0 runs, 1 hit, 0 errors, 1 left on base; University of California 0 - Pennsylvania State University 0
BOTTOM OF THE 2ND
Pennsylvania State University Nittany Lions batting - Pitching for University of California Golden Bears : RHP Robert Chauvel
Batting: RHB Mike Smith 0-0: Ball
1-0: Foul Ball, location: 2F
1-1: Bunt for hit to 15S - play at first, batter OUT! 1-3
Batting: RHB Isaiah Heath 0-0: Ball
1-0: Ball
2-0: Swinging Strike
2-1: Swinging Strike
2-2: SINGLE (Groundball, 6D, EV 105.6 MPH)
Batting: LHB Josh Lane 0-0: Fly out, F8 (Flyball, 89D, EV 105.6 MPH)
Batting: RHB Klaus Brown 0-0: Ball
1-0: Ball
2-0: Foul Ball, location: 2F
2-1: Foul Ball, location: 2F
2-2: Strikes out looking
Bottom of the 2nd over - 0 runs, 1 hit, 0 errors, 1 left on base; University of California 0 - Pennsylvania State University 0
TOP OF THE 3RD
University of California Golden Bears batting - Pitching for Pennsylvania State University Nittany Lions : RHP Quincy Potvin
Batting: RHB Kevin Harris 0-0: Ball
1-0: Ball
2-0: Ball
3-0: Base on Balls
Batting: RHB Domingas Saragoa 0-0: Ball
1-0: 2-RUN HOME RUN (Flyball, 7D, EV 96.9 MPH), Distance : 378 ft
Batting: LHB Eric Gaugler 0-0: Called Strike
0-1: Foul Ball, location: 2F
0-2: Foul Ball, location: 2F
0-2: Strikes out swinging
Batting: LHB Luis Orellana 0-0: Foul Ball, location: 2F
0-1: Called Strike
0-2: Ball
1-2: Ball
2-2: Ball
3-2: Foul Ball, location: 2F
3-2: SINGLE (Line Drive, 9LS, EV 102.5 MPH)
Batting: LHB Carlos Gaona 0-0: Ball
1-0: Swinging Strike
1-1: Foul Ball, location: 2F
1-2: DOUBLE (Flyball, 8LXD, EV 106.9 MPH)
Luis Orellana to third
Batting: RHB Nate Mahon 0-0: Ball
1-0: Ball
2-0: Ball
3-0: Called Strike
3-1: Foul Ball, location: 2F
3-2: Strikes out swinging
Batting: RHB Juan Debayle 0-0: Ball
1-0: Ball
2-0: DOUBLE (Line Drive, 8LXD, EV 103.1 MPH)
Luis Orellana scores
Carlos Gaona scores
Batting: RHB Mario Diaz 0-0: Ball
1-0: Ball
2-0: Foul Ball, location: 2F
2-1: Foul Ball, location: 2F
2-2: Strikes out looking
Top of the 3rd over - 4 runs, 4 hits, 0 errors, 1 left on base; University of California 4 - Pennsylvania State University 0
BOTTOM OF THE 3RD
Pennsylvania State University Nittany Lions batting - Pitching for University of California Golden Bears : RHP Robert Chauvel
Batting: RHB John Hopkins 0-0: Foul Ball, location: 2F
0-1: Ball
1-1: Called Strike
1-2: Ball
2-2: Foul Ball, location: 2F
2-2: Reached on error, E4 (Groundball, 4, EV 80.0 MPH)
Batting: RHB Craig Alvarado 0-0: Called Strike
0-1: Fly out, F9 (Flyball, 9LM, EV 88.1 MPH)
Batting: SHB Oscar Barahona 0-0: Foul Ball, location: 2F
0-1: Foul Ball, location: 2F
0-2: Ball
1-2: Ball
John Hopkins steals 2nd base
2-2: SINGLE (Groundball, 6MD, EV 95.0 MPH)
John Hopkins to third
Runner from 3rd tries for Home, SAFE, throw by CF to home
Batting: SHB Glenn Harrison 0-0: Called Strike
0-1: Ball
1-1: Called Strike
1-2: Ball
2-2: Ball
3-2: Foul Ball, location: 2F
3-2: Foul Ball, location: 2F
3-2: Base on Balls
Oscar Barahona to second
Batting: RHB Fernando Membreno 0-0: Called Strike
0-1: Ball
1-1: Ball
2-1: 3-RUN HOME RUN (Flyball, 7LD, EV 90.0 MPH), Distance : 332 ft
Batting: RHB Mike Smith 0-0: Foul Ball, location: 2F
0-1: Ball
1-1: Called Strike
1-2: Ball
2-2: Ball
3-2: Foul Ball, location: 2F
3-2: Strikes out swinging
Batting: RHB Isaiah Heath 0-0: Fly out, F8 (Flyball, 8LM, EV 90.6 MPH)
Bottom of the 3rd over - 4 runs, 2 hits, 1 error, 0 left on base; University of California 4 - Pennsylvania State University 4
TOP OF THE 4TH
University of California Golden Bears batting - Pitching for Pennsylvania State University Nittany Lions : RHP Quincy Potvin
Batting: SHB Matsudaira Ikeda 0-0: Ground out 4-3 (Groundball, 4S, EV 85.0 MPH)
Batting: RHB Kevin Harris 0-0: Ball
1-0: Foul Ball, location: 2F
1-1: Ball
2-1: Ball
3-1: Ground out 4-3 (Groundball, 4, EV 85.0 MPH)
Batting: RHB Domingas Saragoa 0-0: Foul Ball, location: 2F
0-1: Ball
1-1: Ball
2-1: Ball
3-1: Foul Ball, location: 2F
3-2: Foul Ball, location: 2F
3-2: Foul Ball, location: 2F
3-2: DOUBLE (Groundball, 5L, EV 101.9 MPH)
Batting: LHB Eric Gaugler 0-0: Swinging Strike
0-1: Called Strike
0-2: Ball
Wild Pitch!
Domingas Saragoa to third
1-2: Ball
2-2: Strikes out swinging
Top of the 4th over - 0 runs, 1 hit, 0 errors, 1 left on base; University of California 4 - Pennsylvania State University 4
BOTTOM OF THE 4TH
Pennsylvania State University Nittany Lions batting - Pitching for University of California Golden Bears : RHP Robert Chauvel
Batting: LHB Josh Lane 0-0: Ground out 6-3 (Groundball, 6, EV 96.9 MPH)
Batting: RHB Klaus Brown 0-0: Swinging Strike
0-1: Ball
1-1: Ball
2-1: Foul Ball, location: 2F
2-2: Strikes out swinging
Batting: RHB John Hopkins 0-0: Called Strike
0-1: Ball
1-1: Ball
2-1: Ball
3-1: Base on Balls
Batting: RHB Craig Alvarado 0-0: Ball
John Hopkins is caught stealing 2nd base 2-4
Bottom of the 4th over - 0 runs, 0 hits, 0 errors, 0 left on base; University of California 4 - Pennsylvania State University 4
TOP OF THE 5TH
University of California Golden Bears batting - Pitching for Pennsylvania State University Nittany Lions : RHP Quincy Potvin
Pitching: RHP Carmem Bonnet
Batting: LHB Luis Orellana 0-0: Ball
1-0: Called Strike
1-1: Fly out, F4 (Line Drive, 4, EV 68.8 MPH)
Batting: LHB Carlos Gaona 0-0: Foul Ball, location: 2F
0-1: Ball
1-1: Called Strike
1-2: Foul Ball, location: 2F
1-2: Ground out 4-3 (Groundball, 4MD, EV 84.4 MPH)
Batting: RHB Nate Mahon 0-0: Ball
1-0: Foul Ball, location: 2F
1-1: Foul Ball, location: 2F
1-2: Ball
2-2: SINGLE (Line Drive, 8RS, EV 93.1 MPH)
Batting: RHB Juan Debayle 0-0: Called Strike
0-1: Called Strike
0-2: Ball
1-2: Ball
2-2: Foul Ball, location: 2F
2-2: Foul Ball, location: 2F
2-2: Foul Ball, location: 2F
2-2: Foul Ball, location: 2F
2-2: Ball
3-2: Foul Ball, location: 2F
3-2: Strikes out swinging
Top of the 5th over - 0 runs, 1 hit, 0 errors, 1 left on base; University of California 4 - Pennsylvania State University 4
BOTTOM OF THE 5TH
Pennsylvania State University Nittany Lions batting - Pitching for University of California Golden Bears : RHP Robert Chauvel
Batting: RHB Craig Alvarado 0-0: Called Strike
0-1: SINGLE (Groundball, 5D, EV 103.8 MPH)
Batting: SHB Oscar Barahona 0-0: Called Strike
0-1: Foul Ball, location: 2F
0-2: Ball
1-2: Ball
2-2: Ball
3-2: SINGLE (Groundball, 4M, EV 101.2 MPH) (infield hit)
Craig Alvarado to second
Pitching: RHP Howie Abrams
Batting: SHB Glenn Harrison 0-0: Ball
1-0: Fly out, F8 (Flyball, 8LXD, EV 86.9 MPH)
Runner from 2nd tags up, SAFE at 3rd, no throw by CF
Batting: RHB Fernando Membreno 0-0: Fly out, F8 (Flyball, 8LD, EV 99.4 MPH)
Runner from 3rd tags up, SCORES, throw by CF
Batting: RHB Mike Smith 0-0: Ball
1-0: Ball
2-0: DOUBLE (Line Drive, 9LD, EV 113.1 MPH)
Oscar Barahona to third
Runner from 3rd tries for Home, SAFE, throw by RF to trailing runner, OUT at third! 9-3-5
Bottom of the 5th over - 2 runs, 3 hits, 0 errors, 0 left on base; University of California 4 - Pennsylvania State University 6
TOP OF THE 6TH
University of California Golden Bears batting - Pitching for Pennsylvania State University Nittany Lions : RHP Carmem Bonnet
Batting: RHB Mario Diaz 0-0: Ball
1-0: Swinging Strike
1-1: Called Strike
1-2: Ball
2-2: Strikes out swinging
Batting: SHB Matsudaira Ikeda 0-0: Called Strike
0-1: Fly out, F8 (Flyball, 8LM, EV 80.6 MPH)
Batting: RHB Kevin Harris 0-0: Swinging Strike
0-1: Foul Ball, location: 2F
0-2: Foul Ball, location: 2F
0-2: Ball
1-2: Strikes out looking
Top of the 6th over - 0 runs, 0 hits, 0 errors, 0 left on base; University of California 4 - Pennsylvania State University 6
BOTTOM OF THE 6TH
Pennsylvania State University Nittany Lions batting - Pitching for University of California Golden Bears : RHP Howie Abrams
Batting: RHB Isaiah Heath 0-0: Ball
1-0: Ball
2-0: Ball
3-0: Base on Balls
Batting: LHB Josh Lane 0-0: Ball
1-0: Ball
2-0: Foul Ball, location: 2F
2-1: Foul Ball, location: 2F
2-2: Foul Ball, location: 2F
2-2: Ball
3-2: Fly out, F8 (Flyball, 8RM, EV 78.1 MPH)
Batting: RHB Klaus Brown 0-0: Ball
1-0: Fly out, F8 (Flyball, 8RS, EV 83.8 MPH)
Pitching: LHP Jimmy Bolton
Batting: RHB John Hopkins 0-0: SINGLE (Line Drive, 6MD, EV 98.1 MPH)
Isaiah Heath to second
Batting: RHB Craig Alvarado 0-0: Fielders Choice at 2nd, 6-4 (Groundball, 6, EV 89.4 MPH)
Bottom of the 6th over - 0 runs, 1 hit, 0 errors, 2 left on base; University of California 4 - Pennsylvania State University 6
TOP OF THE 7TH
University of California Golden Bears batting - Pitching for Pennsylvania State University Nittany Lions : RHP Carmem Bonnet
Pitching: LHP Frank Hopkins
Batting: RHB Domingas Saragoa 0-0: Fly out, F9 (Flyball, 9S, EV 90.6 MPH)
Batting: LHB Eric Gaugler 0-0: Swinging Strike
0-1: Foul Ball, location: 2F
0-2: Ball
1-2: Strikes out looking
Batting: LHB Luis Orellana 0-0: Called Strike
0-1: Foul Ball, location: 2F
0-2: Ball
1-2: Ground out 4-3 (Groundball, 4, EV 93.1 MPH)
Top of the 7th over - 0 runs, 0 hits, 0 errors, 0 left on base; University of California 4 - Pennsylvania State University 6
BOTTOM OF THE 7TH
Pennsylvania State University Nittany Lions batting - Pitching for University of California Golden Bears : LHP Jimmy Bolton
Batting: SHB Oscar Barahona 0-0: Ball
1-0: Ground out 4-3 (Groundball, 4S, EV 91.2 MPH)
Batting: SHB Glenn Harrison 0-0: Ball
1-0: Swinging Strike
1-1: Swinging Strike
1-2: Ground out 1-3 (Groundball, 25, EV 68.1 MPH)
Batting: RHB Fernando Membreno 0-0: Called Strike
0-1: Foul Ball, location: 2F
0-2: Foul Ball, location: 2F
0-2: Reached on error, E6 (Groundball, 6, EV 90.6 MPH)
Batting: RHB Mike Smith 0-0: Ball
1-0: Ball
2-0: Foul Ball, location: 2F
2-1: Swinging Strike
2-2: Ball
3-2: Base on Balls
Fernando Membreno to second
Batting: RHB Isaiah Heath 0-0: Fly out, F8 (Line Drive, 8RD, EV 85.0 MPH)
Bottom of the 7th over - 0 runs, 0 hits, 1 error, 2 left on base; University of California 4 - Pennsylvania State University 6
TOP OF THE 8TH
University of California Golden Bears batting - Pitching for Pennsylvania State University Nittany Lions : LHP Frank Hopkins
Batting: LHB Carlos Gaona 0-0: Called Strike
0-1: Ball
1-1: Foul Ball, location: 2F
1-2: Ball
2-2: Ball
3-2: Foul Ball, location: 2F
3-2: Ground out 1-3 (Groundball, 13, EV 72.5 MPH)
Batting: RHB Nate Mahon 0-0: Ball
1-0: Called Strike
1-1: Ball
2-1: Ball
3-1: Foul Ball, location: 2F
3-2: Base on Balls
Batting: RHB Juan Debayle 0-0: Called Strike
0-1: Ball
1-1: Called Strike
1-2: Foul Ball, location: 2F
1-2: Ball
2-2: Ball
3-2: Grounds into double play, 6-4-3 (Groundball, 6, EV 90.6 MPH)
Top of the 8th over - 0 runs, 0 hits, 0 errors, 0 left on base; University of California 4 - Pennsylvania State University 6
BOTTOM OF THE 8TH
Pennsylvania State University Nittany Lions batting - Pitching for University of California Golden Bears : LHP Jimmy Bolton
Pitching: RHP Frank Salinas
Batting: LHB Josh Lane 0-0: Ball
1-0: Fly out, F7 (Flyball, 7, EV 91.9 MPH)
Batting: RHB Klaus Brown 0-0: SINGLE (Line Drive, 4D, EV 100.0 MPH)
Batting: RHB John Hopkins 0-0: SINGLE (Groundball, 56D, EV 103.1 MPH)
Klaus Brown to second
Batting: RHB Craig Alvarado 0-0: Ball
1-0: Ball
2-0: Ball
3-0: SINGLE (Groundball, 25, EV 76.2 MPH) (infield hit)
Klaus Brown to third
John Hopkins to second
Batting: SHB Oscar Barahona 0-0: Foul Ball, location: 2F
0-1: SINGLE (Groundball, 56, EV 96.9 MPH)
Klaus Brown scores
John Hopkins to third
Craig Alvarado to second
Runner from 3rd tries for Home, SAFE, throw by LF to home
Batting: SHB Glenn Harrison 0-0: Ball
1-0: Swinging Strike
1-1: Swinging Strike
1-2: Fielders Choice at 2nd, 3-6 (Groundball, 34S, EV 78.1 MPH)
Craig Alvarado to third
Batting: RHB Fernando Membreno 0-0: Called Strike
Glenn Harrison steals 2nd base
0-1: Called Strike
0-2: Ball
1-2: Strikes out swinging
Bottom of the 8th over - 2 runs, 4 hits, 0 errors, 2 left on base; University of California 4 - Pennsylvania State University 8
TOP OF THE 9TH
University of California Golden Bears batting - Pitching for Pennsylvania State University Nittany Lions : LHP Frank Hopkins
Pitching: RHP Jerry Romero
Pinch Hitting: RHB RĂºbem Trancoso 0-0: Foul Ball, location: 2F
0-1: Fly out, F7 (Flyball, 78M, EV 78.8 MPH)
Pinch Hitting: RHB Devon Healy 0-0: Called Strike
0-1: Foul Ball, location: 2F
0-2: Strikes out swinging
Batting: RHB Kevin Harris 0-0: Swinging Strike
0-1: Foul Ball, location: 2F
0-2: Ball
1-2: Strikes out looking
Top of the 9th over - 0 runs, 0 hits, 0 errors, 0 left on base; University of California 4 - Pennsylvania State University 8
Tuesday, September 13th , 2022 - OOTP Baseball 23.7 Build 88